 Dungeon Crawl Stone Soup version 0.31-a0-1-g4198be8af4 (webtiles) character file.

Game seed: 15131460973148716061

301 cheesebisquit the Purveyor of Pain (level 6, -3/45 HPs)
             Began as a Ghoul Necromancer on Apr 30, 2023.
             Was an Initiate of Kikubaaqudgha.
             Slain by an orc priest
             ... wielding the +6 hand axe of Offence {heavy, rC++ rN+ Stlth-}
              (15 damage)
             ... on level 4 of the Dungeon.
             The game lasted 00:11:12 (4160 turns).

cheesebisquit the Purveyor of Pain (GhNe)           Turns: 4160, Time: 00:11:13

Health: -3/45      AC:  2    Str: 12    XL:     6   Next: 37%
Magic:  0/7        EV: 17    Int: 12    God:    Kikubaaqudgha [......]
Gold:   140        SH:  0    Dex:  9    Spells: 7/8 levels left

rFire   . . .        (no weapon)
rCold   + . .        (no shield)
rNeg    + + +        a - +0 robe
rPois   ∞            (no helmet)
rElec   .            (no cloak)
rCorr   .            (no gloves)
SInv    .            (no boots)
Will    .....        (no amulet)
Stlth   ++           q - +5 ring of evasion
HPRegen 0.00/turn    (no ring)
MPRegen 0.10/turn

%: no passive effects
@: inhibited regen
A: claws 1, cold resistance 1, negative energy resistance 3, inhibited
regeneration, torment resistance 2, devour on kill
a: Renounce Religion


You were on level 4 of the Dungeon.
You worshipped Kikubaaqudgha.
Kikubaaqudgha was noncommittal.
You visited 2 branches of the dungeon, and saw 5 of its levels.

You collected 140 gold pieces.

Inventory:

Hand Weapons
 o - the +1 sling of the Pyrrhic Victory {heavy, rF+ Int-3 Dex+4}
   (You found it on level 3 of the Dungeon)

   Int:       It affects your intelligence (-3).
   Dex:       It affects your dexterity (+4).
   rF:        It protects you from fire.
Armour
 a - a +0 robe (worn)
 d - a +1 ring mail of fire resistance
Jewellery
 m - an amulet of faith
 q - a +5 ring of evasion (left claw)
Scrolls
 b - a scroll of magic mapping {unknown}
 c - 2 scrolls of identify {unknown}
 e - a scroll of brand weapon {unknown}
 h - a scroll of immolation {unknown}
 l - a scroll of vulnerability {unknown}
 n - a scroll of noise {unknown}
 r - a scroll of fog {unknown}
Potions
 f - 2 potions of curing {unknown}
 g - a potion of heal wounds {unknown}
 i - a potion of flight {unknown}
 j - a potion of mutation {unknown}
 k - a potion of invisibility {unknown}
 p - 2 potions of resistance {unknown}


   Skills:
 - Level 1.7 Dodging
 - Level 2.1 Stealth
 - Level 1.7 Spellcasting
 + Level 7.5 Necromancy


You had 7 spell levels left.
You knew the following spells:

 Your Spells              Type           Power      Damage    Failure   Level
a - Necrotise             Necr           76%        1d7       1%          1

Your spell library contained the following spells:

 Spells                   Type           Power      Damage    Failure   Level
 Vampiric Draining        Necr           19%        2d7       3%          3
 Animate Dead             Necr           19%        N/A       13%         4
 Agony                    Necr           19%        N/A       34%         5
 Dazzling Flash           Conj/Hex       2%         N/A       63%         3
 Volatile Blastmotes      Fire/Tloc      2%         2d10      63%         3
 Iskenderun's Mystic Bla  Conj/Tloc      1%         2d3       95%         4
 Starburst                Conj/Fire      0%         6d3       100%        6


Dungeon Overview and Level Annotations

Branches:
Dungeon (4/15)             Temple (1/1) D:4

Altars:
Gozag
Hepliaklqana
Kikubaaqudgha
Makhleb
Nemelex Xobeh
Okawaru
Qazlal
Ru
Trog
Uskayaw
Wu Jian
Yredelemnul

Shops:
D:4 [


Innate Abilities, Weirdness & Mutations

You are immune to poison.
You have sharp fingernails.
Your flesh is cold resistant. (rC+)
You are immune to negative energy. (rN+++)
You do not regenerate when monsters are visible.
You are immune to unholy pain and torment.
You thrive by killing the living.


Message History

The orc priest begins to cast a cantrip, but forgets the words!
The orc wizard writhes in agony.
The orc wizard writhes in agony.
The orc wizard writhes in agony!
You kill the orc wizard!
Kikubaaqudgha accepts your kill.
The dead are walking!
Your orc skeleton barely misses the orc priest.
The orc priest hits your orc skeleton with the +6 hand axe of Offence {heavy, rC++ rN+ Stlth-}!
Your orc skeleton is destroyed!
Things that are here:
a +0 club; a +0 robe; a scroll labelled MALUQE YZOYFE The orc priest barely resists.
Your orc wizard skeleton hits the orc priest but does no damage.
The orc priest hits you with the +6 hand axe of Offence {heavy, rC++ rN+ Stlth-}!
The orc priest hits your orc wizard skeleton with the +6 hand axe of Offence {heavy, rC++ rN+ Stlth-}!
You closely miss the orc priest. Your claw misses the orc priest.
Your orc wizard skeleton hits the orc priest but does no damage.
The orc priest writhes in agony.
The orc priest hits you with the +6 hand axe of Offence {heavy, rC++ rN+ Stlth-}.
The orc priest hits your orc wizard skeleton with the +6 hand axe of Offence {heavy, rC++ rN+ Stlth-}!
Your orc wizard skeleton hits the orc priest but does no damage.
You barely miss the orc priest.
The orc priest is lightly wounded.
The orc priest invokes the aid of Beogh against you.
Beogh smites you!
* * * LOW HITPOINT WARNING * * *
You scratch the orc priest but do no damage.
The orc priest is lightly wounded.
Your orc wizard skeleton hits the orc priest but does no damage.
The orc priest misses you.
The orc priest hits your orc wizard skeleton with the +6 hand axe of Offence {heavy, rC++ rN+ Stlth-}!
Your orc wizard skeleton is destroyed!
You scratch the orc priest but do no damage.
The orc priest is lightly wounded.
You scratch the orc priest.
The orc priest is heavily wounded.
The orc priest hits you with the +6 hand axe of Offence {heavy, rC++ rN+ Stlth-}!
You die...
Kikubaaqudgha rasps: "You have failed me!
Welcome... oblivion!"

#.........
#......... .
####......... ..
#............ ...
#†##.######## ....
#.##.####### .....
#.##.......#
......###.##.......#
......o@)..+>......#
..........##.......#
...............#'###
.........##....#.#
.........##....#.#
###########....#.#
#....#.# #......#
######..####


You could see an orc priest.

Vanquished Creatures
  A scorpion (D:4)
  2 hounds (D:4)
  Jessica (D:3)
  An orc wizard (D:4)
  Robin (D:2)
  2 adders (D:2)
  An ufetubus (D:4)
  3 worms
  A dart slug (D:1)
  2 orcs
  5 ball pythons
  8 endoplasms
  2 giant cockroaches (D:1)
  16 goblins
  10 hobgoblins
  4 quokkas
  7 bats
  4 kobolds
  4 rats
75 creatures vanquished.

Vanquished Creatures (collateral kills)
  A bat (D:3)
  A frilled lizard (D:1)
  A rat (D:2)
3 creatures vanquished.

Grand Total: 78 creatures vanquished

Notes
Turn   | Place    | Note
-------+----------+-------------------------------------------
     0 | D:1      | cheesebisquit the Ghoul Necromancer began the quest for the
                  | Orb.
     0 | D:1      | Reached XP level 1. HP: 14/14 MP: 2/2
   253 | D:1      | Reached XP level 2. HP: 20/20 MP: 1/3
   689 | D:1      | Reached XP level 3. HP: 26/26 MP: 1/4
   780 | D:1      | Reached skill level 5 in Necromancy
  1786 | D:2      | Found a burning altar of Makhleb.
  1796 | D:2      | Noticed Robin
  1824 | D:2      | Reached XP level 4. HP: 25/33 MP: 0/5
  1834 | D:2      | Killed Robin
  2776 | D:3      | Reached skill level 6 in Necromancy
  2865 | D:3      | Found a bloodstained altar of Trog.
  3247 | D:3      | Identified the +1 sling of the Pyrrhic Victory {heavy, rF+
                  | Int-3 Dex+4}
  3347 | D:3      | Found a sparkling altar of Nemelex Xobeh.
  3363 | D:3      | Reached XP level 5. HP: 38/38 MP: 3/6
  3396 | D:3      | Noticed Jessica
  3476 | D:3      | Killed Jessica
  3569 | D:3      | Found a sacrificial altar of Ru.
  3655 | D:3      | Found an iron altar of Okawaru.
  3655 | D:3      | Found a basalt altar of Yredelemnul.
  3820 | D:4      | Found Ypnentec's Antique Armour Boutique.
  3908 | D:4      | Found a staircase to the Ecumenical Temple.
  3922 | Temple   | Entered the Ecumenical Temple
  3966 | Temple   | Became a worshipper of Kikubaaqudgha
  4066 | D:4      | Reached skill level 7 in Necromancy
  4066 | D:4      | Reached XP level 6. HP: 45/45 MP: 1/7
  4147 | D:4      | Identified the +6 hand axe of Offence {heavy, rC++ rN+
                  | Stlth-}
  4160 | D:4      | Slain by an orc priest

Illustrated notes

Levels and vault maps discovered:
D:1:      onia_arrival_pentagram, layout_basic, chequers_serial_rivers_small_a
D:2:      layout_basic, basic_altar, uniq_robin
D:3:      layout_loops_ring, mainiacjoe_overflow_tiny_flanked,
          lemuel_doored_altar, nemelex_xobeh_ov_fountains_minmay,
          nicolae_overflow_two_pavilions, kennysheep_generic_room_13,
          uniq_jessica
D:4:      layout_basic, minmay_temple_entry_large_hall, serial_shops, shop
Temple:   hellmonk_temple_of_storms

Skill      XL: |  1  2  3  4  5 |
---------------+----------------+-----
Necromancy     | 5 6 7 |  7.5
Dodging        | |  1.7
Stealth        | |  2.1
Spellcasting   | |  1.7

Action                     |  1- 3 |  4- 6 || total
---------------------------+-------+-------++-------
  Melee: Unarmed           |    31 |    59 ||    90
         Punch             |       |     1 ||     1
   Cast: Necrotise         |    72 |    91 ||   163
    Use: Potion            |       |     1 ||     1
   Stab: Sleeping          |     1 |       ||     1
 Armour: Robe              |     9 |    10 ||    19
  Dodge: Dodged            |    37 |    64 ||   101

Table legend: (Time is in decaauts)
 A = Elapsed time spent in this place.
 B = Non-inter-level travel time spent in this place.
 C = Inter-level travel time spent in this place.
 D = Time resting spent in this place.
 E = Time spent auto-exploring this place.
 F = Levels seen in this place.
 G = Mean time per level.
                   A        B        C        D        E       F      G
               +--------+--------+--------+--------+--------+-----+--------+
         Total |   4160 |   4046 |    114 |      0 |   3510 |   5 |  832.0 |
       Dungeon |   4076 |   3968 |    108 |      0 |   3444 |   4 | 1019.0 |
        Temple |     84 |     78 |      6 |      0 |     66 |   1 |   84.0 |
               +--------+--------+--------+--------+--------+-----+--------+

Top non-repeatable levels by time:
     D:1: 1397 daAuts
     D:2: 1389 daAuts
     D:3: 1010 daAuts
     D:4: 278 daAuts
  Temple: 84 daAuts
